 Dungeon Crawl Stone Soup version 0.25.1-9-gc5326a611f (webtiles) character file.

Game seed: 12019008389172140098

23 raceaflais the Shooter (level 2, -4/24 HPs)
             Began as a Centaur Hunter on Dec 28, 2020.
             Slain by Sigmund
             ... wielding a +0 scythe
              (9 damage)
             ... on level 2 of the Dungeon.
             The game lasted 00:07:42 (959 turns).

raceaflais the Shooter (Centaur Hunter)              Turns: 959, Time: 00:07:43

Health: -4/24      AC:  7    Str: 14    XL:     2   Next: 72%
Magic:  2/2        EV:  4    Int: 10    God:
Gold:   46         SH:  5    Dex:  9    Spells: 1/1 levels left

rFire    + . .     SeeInvis .   a - +1 shortbow
rCold    + . .     Gourm    .   (shield currently unavailable)
rNeg     . . .     Faith    .   m - +0 chain mail
rPois    .         Spirit   .   (no helmet)
rElec    .         Reflect  +   i - scarf {rC+ rF+}
rCorr    .         Harm     .   (no gloves)
MR       .....                  (no barding)
Stlth    ..........             j - amulet of reflection
HPRegen  0.08/turn              (no ring)
MPRegen  0.08/turn              (no ring)

@: very quick
A: large, hooves 3, deformed body, speed 2, tough skin 3
a: no special abilities


You were on level 2 of the Dungeon.
You were not hungry.

You visited 1 branch of the dungeon, and saw 2 of its levels.

You collected 46 gold pieces.

Inventory:

Hand Weapons
 a - a +1 shortbow (weapon)
 b - a +0 short sword
 l - a +0 dagger
 n - a +0 whip
 o - a +0 club
 p - a +0 short sword
Missiles
 d - 14 arrows (quivered)
 h - 62 stones
Armour
 c - a +0 leather armour
 e - a +0 leather armour
 i - a scarf of resistance (worn)
 m - a +0 chain mail (worn)
Jewellery
 j - an amulet of reflection (around neck)
Wands
 q - a wand of acid (6)
Scrolls
 g - a scroll of identify
Comestibles
 f - 3 rations
 k - a chunk of flesh


   Skills:
 + Level 2.1 Fighting
 + Level 6.2 Bows
 + Level 0.2 Armour
 + Level 1.4 Dodging
 + Level 0.4 Stealth


You had one spell level left.
You didn't know any spells.
Your spell library was empty.

Dungeon Overview and Level Annotations

Branches:
Dungeon (2/15)

Altars:
Dithmenos

Annotations:
D:2 Sigmund


Innate Abilities, Weirdness & Mutations

You have hooves in place of feet.
Armour fits poorly on your strangely shaped body.
You cover ground very quickly.
You have extremely tough skin. (AC +3)


Message History

Aim: a kobold, wielding a +0 dagger (severely wounded)
The bolt of acid hits the kobold.
The kobold is splashed with acid.
The acid corrodes the kobold!
You kill the kobold!
Something hits you. The kobold hits you but does no damage.
That item cannot be evoked!
Aiming: Corrosive Bolt
Press: ? - help, Shift-Dir - straight line, f - kobold
Aim: a kobold The bolt of acid hits the kobold!
The kobold is splashed with acid.
You kill the kobold!
The bolt of acid hits something.
The acid corrodes something!
A worm comes into view.
Something hits you.
* * * LOW HITPOINT WARNING * * *
Found a shadowy altar of Dithmenos.
Things that are here:
a +0 dagger; a scroll of identify; 2 arrows Something hits you!
You die...

##. # #.. .#
#.# #(# #.#
##(.##
###.##...(..
#...........
##....{(###..
##...)@.##.##.
#.....#.#w_.#.
#.#...#.......
# #...##.....#
#....##...##
#.....#####..
###..........#
.........######
########....#
##


You could see a worm.

Vanquished Creatures
  A dart slug (D:1)
  A giant cockroach (D:1)
  6 hobgoblins
  A quokka (D:2)
  3 goblins (D:1)
  5 kobolds
  2 rats
19 creatures vanquished.

Notes
Turn   | Place    | Note
-------+----------+-------------------------------------------
     0 | D:1      | raceaflais the Centaur Hunter began the quest for the Orb.
     0 | D:1      | Reached XP level 1. HP: 17/17 MP: 1/1
   451 | D:1      | Reached XP level 2. HP: 16/24 MP: 2/2
   791 | D:1      | Reached skill level 6 in Bows
   946 | D:2      | Noticed Sigmund
   957 | D:2      | Found a shadowy altar of Dithmenos.
   959 | D:2      | Slain by Sigmund

Illustrated notes

Levels and vault maps discovered:
D:1:      lemuel_arrival_funnel, layout_basic
D:2:      layout_rooms, nicolae_dithmenos_through_a_glass_darkly, uniq_sigmund

Skill      XL: |  1  2 |
---------------+-------+-----
Bows           | 6 |  6.2
Fighting       | |  2.1
Armour         | |  0.2
Dodging        | |  1.4
Stealth        | |  0.4

Action                   || total
-------------------------++-------
 Fire: Shortbow          ||    75
Throw: Stone             ||     7
Evoke: Wand              ||     2
  Use: Scroll            ||     5
       Potion            ||     4
Armor: Chain mail        ||    26
       Leather armour    ||     2
Dodge: Dodged            ||    17
Block: Other             ||     2
